 Dungeon Crawl Stone Soup version 0.28-a0-479-g5baa6b73be (webtiles) character file.

Game seed: 14751170639516117505

16359 siradein the Thaumaturge (level 12, -2/59 HPs)
             Began as a Deep Elf Conjurer on Sept 18, 2021.
             Was an Initiate of Gozag.
             Killed from afar by a white imp (10 damage)
             ... with a puff of frost
             ... on level 1 of the Lair of Beasts.
             The game lasted 00:48:11 (14313 turns).

siradein the Thaumaturge (Deep Elf Conjurer)       Turns: 14313, Time: 00:48:12

Health: -2/59      AC:  4    Str:  4    XL:     12   Next: 9%
Magic:  11/31      EV: 23    Int: 35    God:    Gozag
Gold:   1399       SH:  0    Dex: 20    Spells: 1/37 levels left

rFire   . . .      SeeInvis .   D - +3 rapier
rCold   . . .      Faith    .   (no shield)
rNeg    . . .      Spirit   .   K - +1 leather armour {rPois}
rPois   +          Reflect  .   (no helmet)
rElec   .          Harm     .   (no cloak)
rCorr   .          Rampage  .   (no gloves)
Will    +....                   (no boots)
Stlth   ++........              p - amulet of magic regeneration
HPRegen 0.19/turn               i - ring of wizardry
MPRegen 0.47/turn               F - ring of Resumed Hostilities {EV+4 Int+6 Dex+7}

@: gold aura, studying Unarmed Combat
A: no striking features
a: Renounce Religion, Potion Petition, Call Merchant, Bribe Branch


You were on level 1 of the Lair of Beasts.
You worshipped Gozag.
Gozag was most pleased with you.
You visited 3 branches of the dungeon, and saw 13 of its levels.
You also visited: Sewer.

You collected 1695 gold pieces.
You spent 185 gold pieces at shops.
You paid 111 gold pieces to Gozag.

Inventory:

Hand Weapons
 D - a +3 rapier (weapon)
Missiles
 k - 4 throwing nets
Armour
 a - a +0 buckler
 J - +2 acid dragon scales
 K - a +1 leather armour of poison resistance (worn)
Magical Staves
 g - a staff of fire
Jewellery
 b - a ring of protection from fire
 i - a ring of wizardry (left hand)
 p - an amulet of magic regeneration (around neck)
 y - a ring of ice
 F - the ring of Resumed Hostilities (right hand) {EV+4 Int+6 Dex+7}
   (You found it on level 9 of the Dungeon)

   [ring of evasion]

   EV:        It affects your evasion (+4).
   Int:       It affects your intelligence (+6).
   Dex:       It affects your dexterity (+7).
Wands
 e - a wand of polymorph (14)
 m - a wand of charming (12)
 r - a wand of iceblast (13)
Scrolls
 c - 4 scrolls of fear
 j - a scroll of blinking
 n - 2 scrolls of fog
 o - a scroll of magic mapping
 s - a scroll of torment
 u - a scroll of enchant weapon
 v - 2 scrolls of amnesia
 z - 3 scrolls of immolation {unknown}
 C - a scroll of enchant armour {unknown}
 G - 2 scrolls of identify
 H - a scroll of silence {unknown}
 I - a scroll of summoning {unknown}
Potions
 d - 3 potions of magic
 f - a potion of haste
 h - a potion of lignification
 l - 7 potions of ambrosia
 q - 5 potions of heal wounds
 t - a potion of cancellation {unknown}
 w - 2 potions of curing {unknown}
 x - a potion of might
 A - a potion of mutation {unknown}
 B - a potion of attraction {unknown}
 E - a potion of flight {unknown}


   Skills:
 + Level 12.3 Dodging
 - Level 2.4 Stealth
 + Level 13.3 Spellcasting
 + Level 12.0 Conjurations
 + Level 5.2 Hexes
 + Level 3.9 Summonings
 + Level 3.8 Translocations
 + Level 3.9 Fire Magic
 + Level 3.9 Evocations


You had one spell level left.
You knew the following spells:

 Your Spells              Type           Power      Damage    Failure   Level
a - Magic Dart            Conj           100%       1d8       0%          1
b - Searing Ray           Conj           100%       2d8       1%          2
c - Dazzling Flash        Conj/Hex       100%       N/A       1%          3
d - Fulminant Prism       Conj/Hex       35%        3d18      1%          4
e - Iskenderun's Mystic   Conj/Tloc      68%        2d14      1%          4
f - Sticky Flame          Conj/Fire      68%        2d8       1%          4
g - Summon Forest         Summ/Tloc      25%        N/A       7%          5
h - Summon Hydra          Summ           25%        N/A       87%         7
i - Iron Shot             Conj/Erth      30%        9d6       16%         6

Your spell library contained the following spells:

 Spells                   Type           Power      Damage    Failure   Level
 Static Discharge         Conj/Air       60%        N/A       1%          2
 Animate Armour           Summ/Erth      74%        N/A       6%          4
 Dispel Undead            Necr           23%        3d12      12%         4
 Blade Hands              Tmut           11%        N/A       32%         5
 Eringya's Noxious Bog    Tmut/Pois      11%        N/A       86%         6


Dungeon Overview and Level Annotations

Branches:
Dungeon (11/15)            Temple (1/1) D:7            Lair (1/6) D:9
    Orc (0/2) D:9           Sewer (visited)

Altars:
Ashenzari
Cheibriados
Dithmenos
Elyvilon
Fedhas
Gozag
Hepliaklqana
Kikubaaqudgha
Makhleb
Nemelex Xobeh
Okawaru
Qazlal
Ru
Sif Muna
Trog
Uskayaw
Vehumet
Wu Jian
Xom
Yredelemnul
Zin
The Shining One

Shops:
D:3 ?   D:11 **

Annotations:
D:6 1 runed translucent door, CraigForest's ghost, weakling VSDe
D:10 2 runed translucent doors, frogsbabysitter's ghost, journeyman TrFi


Message History

Aiming: Searing Ray (safe; 1% risk of failure)
Press: ? - help, Shift-Dir - straight line, f - komodo dragon
Aim: a komodo dragon (heavily wounded, 87% to hit)
The searing ray hits the komodo dragon!
The komodo dragon is severely wounded. (Press . to maintain the ray.) Unknown command.
Casting: Searing Ray (safe; 1% risk of failure)
Confirm with . or Enter, or press ? or * to list all spells.
You erupt in a blast of force!
The mystic blast hits the plant!
The plant is lightly damaged.
The mystic blast hits the komodo dragon!
The komodo dragon is almost dead.
The komodo dragon is knocked back by the mystic blast.
A white imp comes into view.
Casting: Iskenderun's Mystic Blast (dangerous; 1% risk of failure)
Confirm with . or Enter, or press ? or * to list all spells.
Aiming: Searing Ray (safe; 1% risk of failure)
Press: ? - help, Shift-Dir - straight line, f/p - komodo dragon
Aim: a komodo dragon (almost dead, 87% to hit)
The searing ray hits the komodo dragon.
You kill the komodo dragon! (Press . to maintain the ray.)
A nearby plant withers and dies.
The white imp gestures at you. The puff of frost misses you.
Casting: Searing Ray (safe; 1% risk of failure)
Confirm with . or Enter, or press ? or * to list all spells.
Aiming: Fulminant Prism (safe; 1% risk of failure)
Press: ? - help, Dir - move target You conjure a prism of explosive energy!
A fulminant prism comes into view.
The white imp gestures at you. The puff of frost hits you.
* * * LOW HITPOINT WARNING * * *
The wolf is distracted by your dazzling golden aura.
The white imp gestures at you. The puff of frost hits you!
You die...
Your body crumbles into a pile of gold.

.,,,,,≈≈≈,,..♣......#...,,,,,,,,*
.......≈≈≈..h$.........,.,,,,,,,*
........≈≈≈.♣5$$....#....,,,,,*,*
.(.......≈≈♣....$........,,,,,*,*
.............*$5....#....,,,,,,,*
.....................$.,,,,,,,*,,
.......♣............+,,,,,>,,,,,,
.......$............###.,*,,,*,,,
................@.$......,,,,,,,,
#P####.######.###.####.##*,****,*
### ### ### ### *** *** ***


You could see a wolf (unaware), 2 white imps and a friendly fulminant prism.

Vanquished Creatures
  A hydra (D:11)
  Harold (D:10)
  A centaur warrior (D:9)
  2 two-headed ogres
  Pikel (D:6)
  A cyclops (D:9)
  2 unseen horrors
  Maggie (D:10)
  2 komodo dragons (Lair:1)
  A queen bee (D:10)
  A meliai zombie (D:10)
  A shadow (D:10)
  6 yaks (D:9)
  Sigmund (D:6)
  A wyvern (Lair:1)
  Grum (D:10)
  3 vampire mosquitoes (D:11)
  Menkaure (D:4)
  Duvessa (D:6)
  A water moccasin (D:7)
  A hornet zombie (D:7)
  2 ice beasts (D:7)
  A sky beast (D:7)
  Purgy (D:3)
  A black bear (D:6)
  7 orc warriors
  3 ogres
  4 centaurs
  28 wolves
  2 phantoms (D:5)
  2 lemures (D:6)
  5 kobold brigands
  Blork the orc (D:4)
  7 bullfrogs
  2 wyvern zombies (D:6)
  Dowan (D:6)
  2 scorpions
  A water moccasin zombie (D:4)
  16 killer bees (D:10)
  4 wights (D:7)
  3 howler monkeys
  3 bullfrog zombies
  4 centaur zombies
  A jelly (D:6)
  A centaur skeleton (D:7)
  2 gnoll shamans
  4 orc priests
  3 hounds
  Ijyb (D:3)
  Jessica (D:2)
  An iguana (D:4)
  7 orc wizards
  A scorpion zombie (D:5)
  Natasha (thrice) (D:2)
  A hound skeleton (D:4)
  12 gnolls
  A howler monkey zombie (D:10)
  10 adders
  3 river rats (Sewer)
  9 white imps
  3 ufetubi
  2 adder skeletons (D:4)
  An adder zombie (D:5)
  4 worms
  6 dart slugs
  30 orcs
  15 bats
  10 endoplasms
  4 giant cockroaches
  7 goblins
  7 hobgoblins
  2 jackals (D:1)
  25 kobolds
  3 quokkas
  11 ball pythons
  5 frilled lizards
  9 rats
336 creatures vanquished.

Vanquished Creatures (others)
  An ogre (D:5)
  20 fulminant prisms
  2 plants (Lair:1)
23 creatures vanquished.

Grand Total: 359 creatures vanquished

Notes
Turn   | Place    | Note
-------+----------+-------------------------------------------
     0 | D:1      | siradein the Deep Elf Conjurer began the quest for the Orb.
     0 | D:1      | Reached XP level 1. HP: 10/10 MP: 6/6
   127 | D:1      | Reached XP level 2. HP: 15/15 MP: 4/8
   276 | D:1      | Learned a level 2 spell: Searing Ray
   566 | D:1      | Reached XP level 3. HP: 19/19 MP: 0/10
  1027 | D:1      | Found a faded altar of an unknown god.
  1285 | D:2      | Reached skill level 4 in Spellcasting
  1380 | D:2      | Reached skill level 5 in Conjurations
  1437 | D:2      | Reached XP level 4. HP: 24/24 MP: 9/12
  1580 | D:2      | HP: 1/24 [gnoll (13)]
  1894 | D:2      | Noticed Natasha
  1898 | D:2      | Killed Natasha
  2046 | D:2      | Noticed Jessica
  2049 | D:2      | Killed Jessica
  2050 | D:2      | Reached XP level 5. HP: 15/28 MP: 9/14
  2098 | D:2      | Noticed Natasha
  2146 | D:2      | Killed Natasha
  2222 | D:2      | Reached skill level 5 in Spellcasting
  2534 | D:2      | Noticed Natasha
  2541 | D:2      | Killed Natasha
  2734 | D:3      | Found Kuped's Magic Scroll Boutique.
  2874 | D:3      | Noticed Purgy
  2895 | D:3      | Killed Purgy
  2896 | D:3      | Reached skill level 5 in Dodging
  2896 | D:3      | Reached XP level 6. HP: 26/32 MP: 9/16
  2896 | D:3      | Noticed Ijyb
  2907 | D:3      | Killed Ijyb
  3158 | D:3      | Found a glowing drain.
  3162 | Sewer    | Entered a sewer
  3249 | Sewer    | Reached skill level 6 in Spellcasting
  3276 | Sewer    | Learned a level 3 spell: Dazzling Flash
  3281 | Sewer    | Learned a level 4 spell: Fulminant Prism
  3286 | Sewer    | Learned a level 4 spell: Iskenderun's Mystic Blast
  3548 | Sewer    | Reached XP level 7. HP: 13/36 MP: 9/18
  3841 | D:3      | Bought a scroll of magic mapping for 42 gold pieces
  4088 | D:4      | Noticed Blork the orc
  4092 | D:4      | Killed Blork the orc
  4332 | D:4      | Noticed Menkaure
  4337 | D:4      | Killed Menkaure
  4338 | D:4      | Reached skill level 7 in Spellcasting
  4691 | D:4      | Reached XP level 8. HP: 41/41 MP: 14/21
  4850 | D:4      | Found a white marble altar of Elyvilon.
  5131 | D:5      | Entered Level 5 of the Dungeon
  5199 | D:5      | Reached skill level 8 in Spellcasting
  5728 | D:5      | Reached skill level 9 in Spellcasting
  6268 | D:6      | Noticed Duvessa
  6270 | D:6      | Noticed Dowan
  6280 | D:6      | Killed Duvessa
  6285 | D:6      | Killed Dowan
  6286 | D:6      | Reached XP level 9. HP: 27/45 MP: 6/24
  6292 | D:6      | Noticed Sigmund
  6505 | D:6      | Killed Sigmund
  7110 | D:6      | Reached skill level 10 in Spellcasting
  7202 | D:6      | Noticed Pikel
  7231 | D:6      | Killed Pikel
  7359 | D:6      | Found a runed translucent door.
  7359 | D:6      | Found a shimmering altar of Xom.
  7359 | D:6      | Noticed CraigForest's ghost (weakling VSDe)
  7364 | D:6      | Noticed a +0 hand axe of chaos
  8029 | D:7      | Reached skill level 10 in Dodging
  8029 | D:7      | Reached skill level 10 in Conjurations
  8116 | D:7      | Reached skill level 11 in Spellcasting
  8213 | D:7      | HP: 2/45 [poisoned by a kobold brigand (curare-tipped
                  | dart)]
  8551 | D:7      | Found a staircase to the Ecumenical Temple.
  8560 | Temple   | Entered the Ecumenical Temple
  8760 | Temple   | Became a worshipper of Gozag Ym Sagoz the Greedy
  8779 | D:7      | Reached XP level 10. HP: 39/50 MP: 10/27
  8975 | D:7      | Found the +8 demon trident "Rift" {distort, reach+}
  9444 | D:8      | Noticed a two-headed ogre
  9451 | D:8      | Killed a two-headed ogre
 10305 | D:9      | Found a staircase to the Orcish Mines.
 10310 | D:9      | Reached skill level 12 in Spellcasting
 10471 | D:9      | Identified the ring of Resumed Hostilities {EV+4 Int+6
                  | Dex+7}
 10989 | D:9      | Found a staircase to the Lair.
 11028 | D:9      | Noticed a centaur warrior
 11030 | D:9      | Noticed a cyclops
 11069 | D:10     | Entered Level 10 of the Dungeon
 11184 | D:10     | Learned a level 4 spell: Sticky Flame
 11211 | D:10     | Noticed a two-headed ogre
 11219 | D:10     | Killed a two-headed ogre
 11261 | D:10     | Learned a level 5 spell: Summon Forest
 11269 | D:10     | Learned a level 7 spell: Summon Hydra
 11344 | D:10     | Reached XP level 11. HP: 54/54 MP: 8/29
 11378 | D:10     | Reached skill level 1 in Hexes
 11378 | D:10     | Reached skill level 1 in Fire Magic
 11378 | D:10     | Reached skill level 1 in Evocations
 11462 | D:10     | Noticed Harold
 11482 | D:10     | Killed Harold
 11483 | D:10     | Reached skill level 1 in Summonings
 11483 | D:10     | Reached skill level 1 in Translocations
 11899 | D:10     | Noticed Grum
 11915 | D:10     | Killed Grum
 11996 | D:10     | Noticed Maggie
 12011 | D:10     | Killed Maggie
 12182 | D:10     | Found a large runed translucent door.
 12183 | D:10     | Found a large runed translucent door.
 12183 | D:10     | Noticed frogsbabysitter's ghost (journeyman TrFi)
 12582 | D:11     | Found Napiss's General Store.
 12605 | D:11     | Noticed a four-headed hydra
 12615 | D:11     | Killed a four-headed hydra
 12616 | D:11     | Reached skill level 13 in Spellcasting
 12725 | D:11     | Found Quplu's General Store.
 12844 | D:11     | Bought a +1 leather armour of poison resistance for 143
                  | gold pieces
 12887 | D:11     | Noticed a boulder beetle
 13475 | D:9      | Killed a centaur warrior
 13646 | Lair:1   | Entered Level 1 of the Lair of Beasts
 13682 | Lair:1   | Learned a level 6 spell: Iron Shot
 14196 | Lair:1   | Reached XP level 12. HP: 53/59 MP: 19/31
 14201 | Lair:1   | Reached skill level 5 in Hexes
 14313 | Lair:1   | Killed from afar by a white imp

Illustrated notes

Levels and vault maps discovered:
D:1:      lemuel_arrival_funnel, layout_basic, ebering_ecumenical_altar_webs
D:2:      layout_loops_ring, uniq_natasha, uniq_jessica
D:3:      layout_loops_cross, gup_sewer_entry_bowl, serial_shops,
          nicolae_square_shop, uniq_purgy, uniq_ijyb
D:4:      minmay_skewed_foursquare, layout_rooms, mainiacjoe_overflow_boulevard,
          serial_rivers, chequers_serial_rivers_micro_e,
          chequers_serial_rivers_small_a, chequers_serial_rivers_large_a,
          chequers_serial_rivers_micro_a, chequers_serial_rivers_micro_b,
          uniq_menkaure, uniq_blork_the_orc
D:5:      layout_cave_pods, minmay_manual_mares
D:6:      layout_rooms, ebering_ghost_xom, uniq_sigmund, uniq_pikel,
          uniq_duvessa
D:7:      layout_cave_pods, minmay_temple_entry_junction_2
D:8:      layout_cave_pools
D:9:      layout_gridville, lair_entry_dummy, erik_orc_4, roderic_batcave,
          minivault_20
D:10:     layout_rooms, ebering_ghost_disaster_area, special_room
          [special_room_bee], uniq_maggie, uniq_harold, uniq_grum
D:11:     layout_loops_ring, serial_shops, shop, nicolae_shop_window_shopping,
          nicolae_shop_window_shopping
Temple:   minmay_crystal_snake_temple
Lair:1:   layout_chaotic_city, ebering_ghost_disaster_area,
          portal_ice_cave_entry_imps, grunt_forest_large_clearings, uniq_sonja

Skill      XL: |  1  2  3  4  5  6  7  8  9 10 11 12 |
---------------+-------------------------------------+-----
Dodging        | 3 4 5 6 8 10 11 12 | 12.3
Spellcasting   | 4 5 6 7 9 11 12 13 | 13.3
Conjurations   | 5 6 7 8 10 11 12 | 12.0
Hexes          | 4 5 |  5.2
Fire Magic     | 3 |  3.9
Evocations     | 3 |  3.9
Summonings     | 3 |  3.9
Translocations | 3 |  3.8
Stealth        | |  2.4

Action                   |  1- 3 |  4- 6 |  7- 9 | 10-12 || total
-------------------------+-------+-------+-------+-------++-------
Melee: Rapier            |       |       |       |     2 ||     2
 Cast: Magic Dart        |    58 |    77 |   137 |   110 ||   382
       Searing Ray       |     3 |    22 |    57 |    92 ||   174
       Fulminant Prism   |       |       |     7 |    14 ||    21
       Iskenderun's Myst |       |       |    13 |    76 ||    89
       Dazzling Flash    |       |       |     2 |       ||     2
       Summon Forest     |       |       |       |     1 ||     1
  Use: Scroll            |       |       |    11 |     5 ||    16
       Potion            |       |       |       |     1 ||     1
Armor: Robe              |     3 |     2 |     6 |       ||    11
       Leather armour    |       |       |     1 |    23 ||    24
       Acid dragon scale |       |       |       |     6 ||     6
Dodge: Dodged            |     4 |    25 |    62 |   162 ||   253

Table legend: (Time is in decaauts)
 A = Elapsed time spent in this place.
 B = Non-inter-level travel time spent in this place.
 C = Inter-level travel time spent in this place.
 D = Time resting spent in this place.
 E = Time spent auto-exploring this place.
 F = Levels seen in this place.
 G = Mean time per level.
                   A        B        C        D        E       F      G
               +--------+--------+--------+--------+--------+-----+--------+
         Total |  14415 |  13910 |    505 |   1553 |   9365 |  14 | 1029.6 |
       Dungeon |  13309 |  12804 |    505 |   1553 |   8703 |  11 | 1209.9 |
        Temple |    208 |    208 |      0 |      0 |    144 |   1 |  208.0 |
          Lair |    178 |    178 |      0 |      0 |      0 |   1 |  178.0 |
         Sewer |    718 |    718 |      0 |      0 |    517 |   1 |  718.0 |
               +--------+--------+--------+--------+--------+-----+--------+

Top non-repeatable levels by time:
     D:7: 1940 daAuts
     D:9: 1823 daAuts
     D:2: 1497 daAuts
    D:10: 1462 daAuts
     D:1: 1149 daAuts
     D:5: 1112 daAuts
     D:4: 1085 daAuts
     D:6: 993 daAuts
     D:8: 919 daAuts
     D:3: 818 daAuts
   Sewer: 718 daAuts
    D:11: 507 daAuts
  Temple: 208 daAuts
  Lair:1: 178 daAuts
